 Dungeon Crawl Stone Soup version 0.29.1-2-gbd0b4ee654 (webtiles) character file.

Game seed: 6543185821868193803

43 zeram the Firebug (level 3, -2/19 HPs)
             Began as a Deep Elf Fire Elementalist on Nov 7, 2022.
             Slain by an adder (3 damage)
             ... on level 2 of the Dungeon.
             The game lasted 00:03:50 (2222 turns).

zeram the Firebug (Deep Elf Fire Elementalist)      Turns: 2222, Time: 00:03:51

Health: -2/19      AC:  7    Str: 11    XL:     3   Next: 37%
Magic:  2/9        EV: 13    Int: 21    God:
Gold:   106        SH:  0    Dex: 15    Spells: 5/8 levels left

rFire   . . .      SeeInvis .   c - +0 short sword
rCold   . . .      Faith    .   (no shield)
rNeg    . . .      Spirit   .   a - +0 robe
rPois   .          Reflect  .   (no helmet)
rElec   .          Harm     .   j - +0 cloak
rCorr   .          Rampage  .   (no gloves)
Will    .....                   (no boots)
Stlth   ++........              (no amulet)
HPRegen 0.06/turn               e - +6 ring of strength
MPRegen 0.11/turn               f - +4 ring of protection

@: lethally poisoned (-2 -> -5)
A: no striking features
a: no special abilities


You were on level 2 of the Dungeon.
You visited 1 branch of the dungeon, and saw 2 of its levels.

You collected 106 gold pieces.

Inventory:

Hand Weapons
 c - a +0 short sword (weapon)
 h - a +1 dagger of holy wrath
Armour
 a - a +0 robe (worn)
 j - a +0 cloak (worn)
Jewellery
 e - a +6 ring of strength (left hand)
 f - a +4 ring of protection (right hand)
Scrolls
 d - a scroll of blinking
Potions
 b - a potion of magic
 g - 4 potions of curing {unknown}
 i - a potion of heal wounds {unknown}
 l - a potion of might {unknown}


   Skills:
 + Level 1.0 Short Blades
 + Level 3.0 Dodging
 - Level 2.4 Stealth
 + Level 3.4 Spellcasting
 + Level 1.6 Conjurations
 + Level 4.0 Fire Magic


You had 5 spell levels left.
You knew the following spells:

 Your Spells              Type           Power      Damage    Failure   Level
a - Foxfire               Conj/Fire      60%        2x1d7     4%          1
b - Scorch                Fire           40%        2d7       3%          2

Your spell library contained the following spells:

 Spells                   Type           Power      Damage    Failure   Level
 Conjure Flame            Conj/Fire      15%        6-21      12%         3
 Inner Flame              Hex/Fire       11%        N/A       17%         3
 Flame Wave               Conj/Fire      15%        2d7       36%         4


Dungeon Overview and Level Annotations

Branches:
Dungeon (2/15)

Altars:

Shops:
D:1 *


Message History

The ball python constricts you. The goblin hits you but does no damage.
Casting: Scorch (safe; 3% risk of failure)
Confirm with . or Enter, or press ? or * to list all spells.
Flames lash the goblin.
You kill the goblin!
The ball python bites you. The ball python constricts you.
The ball python closely misses you. The ball python constricts you.
* * * LOW HITPOINT WARNING * * *
Casting: Scorch (safe; 3% risk of failure)
Confirm with . or Enter, or press ? or * to list all spells.
You don't have enough magic to cast this spell.
You barely miss the ball python.
The ball python is heavily wounded.
The ball python closely misses you. The ball python constricts you.
* * * LOW HITPOINT WARNING * * *
Unknown command.
You hit the ball python.
You kill the ball python!
Your Short Blades skill increases to level 1!
Unknown command.
The adder attacks as you move away! The adder closely misses you.
Your magical contamination has completely faded away.
You see here a +1 dagger of holy wrath.
h - a +1 dagger of holy wrath The adder bites you.
* * * LOW HITPOINT WARNING * * *
You are lethally poisoned!
The adder poisons you!
Casting: Scorch (safe; 3% risk of failure)
Confirm with . or Enter, or press ? or * to list all spells.
You don't have enough magic to cast this spell.
Unknown command.
You are too injured to fight recklessly!
You are too injured to fight recklessly!
You are too injured to fight recklessly!
You are too injured to fight recklessly!
You barely miss the adder.
* * * LOW HITPOINT WARNING * * *
You feel sick. The adder bites you.
You die...

########
#.#####...... #. #
...........#..# .. .#
......†.)....#
#.###.# #S# ..... #@#
...# #.# # ###..#
####.##.#
.....########.......#
....)..........#.####
.##.#########....# #
###.# #>.### # #.#
#..# # ###.# #..# #


You could see an adder.

Vanquished Creatures
  2 dart slugs
  6 ball pythons
  A giant cockroach (D:1)
  4 goblins (D:2)
  3 hobgoblins
  4 jackals (D:2)
  A quokka (D:1)
  4 bats (D:1)
  A frilled lizard (D:1)
  7 kobolds
  3 rats
36 creatures vanquished.

Vanquished Creatures (others)
  15 foxfires (D:1)
15 creatures vanquished.

Grand Total: 51 creatures vanquished

Notes
Turn   | Place    | Note
-------+----------+-------------------------------------------
     0 | D:1      | zeram the Deep Elf Fire Elementalist began the quest for
                  | the Orb.
     0 | D:1      | Reached XP level 1. HP: 10/10 MP: 6/6
   388 | D:1      | Reached XP level 2. HP: 6/15 MP: 8/8
   391 | D:1      | Learned a level 2 spell: Scorch
   760 | D:1      | Found Boddaxig's General Store.
  1757 | D:2      | Reached XP level 3. HP: 19/19 MP: 9/9
  1763 | D:2      | Reached skill level 4 in Fire Magic
  1947 | D:2      | Found a faded altar of an unknown god.
  2220 | D:2      | Reached skill level 1 in Short Blades
  2222 | D:2      | Slain by an adder

Illustrated notes

Levels and vault maps discovered:
D:1:      scummos_arrival_star, layout_basic, serial_shops, nicolae_shop_crystal
D:2:      layout_loops_ring, hellmonk_ecumenical_altar_pennies_from_heaven,
          minmay_misc_feat_roman, uniq_sigmund

Skill      XL: |  1  2  3 |
---------------+----------+-----
Dodging        | 3 |  3.0
Fire Magic     | 4 |  4.0
Short Blades   | 1 |  1.0
Stealth        | |  2.4
Spellcasting   | |  3.4
Conjurations   | |  1.6

Action                   || total
-------------------------++-------
Melee: Unarmed           ||    11
       Short sword       ||   115
       Punch             ||     1
 Cast: Foxfire           ||     8
       Scorch            ||     4
  Use: Scroll            ||     4
 Stab: Sleeping          ||     5
       Distracted        ||     1
Armor: Robe              ||    29
Dodge: Dodged            ||   109
